 Dungeon Crawl Stone Soup version 0.32-a0-909-gc671339a80 (webtiles) character file.

Game seed: 14802442938689938445

1137 Biggs the Skirmisher (level 8, -1/90 HPs)
             Began as a Coglin Hunter on Apr 7, 2024.
             Was a Follower of Okawaru.
             Slain by a black bear (10 damage)
             ... on level 6 of the Dungeon.
             The game lasted 00:06:56 (4346 turns).

Biggs the Skirmisher (Coglin Hunter)                Turns: 4346, Time: 00:06:56

Health: -1/90      AC: 24    Str: 11    XL:     8   Next: 36%
Magic:  8/8        EV:  2    Int:  9    God:    Okawaru [*.....]
Gold:   298        SH:  0    Dex: 20    Spells: 7/7 levels left

rFire   . . .        a - +3 sling {Tamao}
rCold   . . .        d - +0 sling {Malki}
rNeg    . . .        c - melded +0 leather armour
rPois   +            (helmet currently unavailable)
rElec   .            (cloak currently unavailable)
rCorr   .            m - melded +2 pair of gloves
SInv    .            v - melded +2 pair of boots
Will    .....        (amulet unavailable)
Stlth   ++           (ring unavailable)
HPRegen 0.35/turn    (ring unavailable)
MPRegen 0.11/turn    (no gizmo)

%: no passive effects
@: tree-form, revved
A: stationary, stasis, torment immunity, boosted hp, off-hand wielding, slow
wielding, warmup strikes, no jewellery
a: Invent Gizmo, Renounce Religion, Heroism


You were on level 6 of the Dungeon.
You worshipped Okawaru.
Okawaru was aware of your devotion.
You were a tree.
You visited 2 branches of the dungeon, and saw 7 of its levels.

You collected 298 gold pieces.

Inventory:

Hand Weapons
 a - a +3 sling (weapon) {Tamao}
 d - a +0 sling (offhand) {Malki}
Missiles
 u - a throwing net
Armour
 c - a +0 leather armour (melded)
 m - a +2 pair of gloves (melded)
 v - a +2 pair of boots (melded)
Wands
 x - a wand of digging (1)
Scrolls
 b - a scroll of fog {unknown}
 f - 3 scrolls of revelation
 q - 2 scrolls of vulnerability
 r - 2 scrolls of noise {unknown}
 s - a scroll of amnesia {unknown}
 t - a scroll of poison {unknown}
Potions
 e - 2 potions of lignification
 g - 2 potions of might {unknown}
 h - 3 potions of attraction {unknown}
 j - a potion of enlightenment {unknown}
 l - a potion of curing {unknown}
 o - 3 potions of heal wounds {unknown}
 w - 2 potions of haste {unknown}
 z - a potion of resistance {unknown}


   Skills:
 + Level 4.2 Fighting
 - Level 9.0 Ranged Weapons
 - Level 1.7 Dodging
 - Level 0.7 Stealth


You had 7 spell levels left.
You didn't know any spells.
Your spell library contained the following spells:

 Spells                   Type           Power      Damage    Failure   Level
 Scorch                   Fire           0%         2d5       52%         2
 Sublimation of Blood     Necr           0%         N/A       52%         2
 Volatile Blastmotes      Fire/Tloc      0%         2d10      77%         3
 Flame Wave               Conj/Fire      0%         2d4       99%         4
 Fulminant Prism          Conj/Alch      0%         3d5       99%         4
 Iskenderun's Mystic Bla Conj/Tloc 0%             2d3        (+2d1     99%         4
 Petrify                  Alch/Erth      0%         N/A       99%         4
 Irradiate                Conj/Alch      0%         3d11      100%        5
 Call Imp                 Summ           Unusable   N/A       N/A         2
 Summon Cactus Giant      Summ           Unusable   N/A       N/A         6
 Summon Hydra             Summ           Unusable   N/A       N/A         7

Dungeon Overview and Level Annotations

Branches:
Dungeon (6/15)             Temple (1/1) D:5

Altars:
Ashenzari
Cheibriados
Dithmenos
Fedhas
Gozag
Hepliaklqana
Makhleb
Nemelex Xobeh
Okawaru
Ru
Sif Muna
Trog
Uskayaw
Vehumet
Wu Jian
Xom
The Shining One

Shops:
D:5 ((


Innate Abilities, Weirdness & Mutations

You are a tree.
Your roots penetrate the ground, keeping you stationary.
You cannot be teleported.
You are immune to unholy pain and torment.
Your maximum health is greatly increased.
Your equipment is partially melded.
You can wield a second weapon in your off-hand.
It takes a long time for you to wield or remove held weapons.
Your first few attacks do less damage.
You cannot equip rings or amulets.


Message History

Your +2 pair of gloves melds into your body.
Your +2 pair of boots melds into your body.
Your +0 leather armour melds into your body.
Your roots penetrate the ground.
You feel strangely stable.
You are engulfed in a cloud of scalding steam.
The steam dragon barely misses you.
The steam dragon claws you but does no damage.
Fire: a) +3 sling {Tamao}
Press: ? - help, Q - select action, (/) - cycle Shift-Dir - straight line, f/p - steam dragon
Aim: a steam dragon (almost dead, catching its breath, 68% to hit)
You shoot a sling bullet. The sling bullet hits the steam dragon.
You kill the steam dragon!
Okawaru accepts your kill.
You can now gain great but temporary skills.
You shoot a sling bullet. The sling bullet hits the black bear.
The black bear is severely wounded.
You are engulfed in a cloud of scalding steam.
The black bear goes berserk!
Your Fighting skill increases to level 4!
Fire: a) +3 sling {Tamao}
Press: ? - help, Q - select action, (/) - cycle Shift-Dir - straight line, f - black bear
Aim: a black bear (severely wounded, berserk, 75% to hit)
You shoot a sling bullet.
The sling bullet barely misses the black bear.
You shoot a sling bullet.
The sling bullet closely misses the black bear.
You are engulfed in a cloud of scalding steam.
* * * LOW HITPOINT WARNING * * *
The black bear bites you but does no damage.
The black bear claws you but does no damage. x2
Unknown command.
Fire: a) +3 sling {Tamao}
Press: ? - help, Q - select action, (/) - cycle Shift-Dir - straight line, f/p - black bear
Aim: a black bear (severely wounded, berserk, 75% to hit)
You shoot a sling bullet. The sling bullet hits the black bear!
The black bear is almost dead.
You shoot a sling bullet.
The sling bullet completely misses the black bear.
The black bear bites you!
You die...

)...# ....# ?...# #####
#### #.. ##.#
##.###..#############.#
...............h♣.§§..#
######....#############
#..##.## ####
##.###..## #..# ###..#
##..# #..## ##...##
##.# #.†<# ..h### #.#
###.### ..## #.# #...#
#....# #.# #######.#.#


You could see a black bear (berserk).

Vanquished Creatures
  A steam dragon (D:6)
  An ice beast (D:5)
  A centaur (D:6)
  2 phantoms (D:5)
  A gnoll sergeant (D:5)
  A scorpion (D:5)
  A howler monkey (D:6)
  A hound (D:4)
  2 bombardier beetles (D:5)
  A jelly (D:6)
  3 orc priests (D:4)
  An orc wizard (D:5)
  4 iguanas
  5 adders
  7 gnolls
  A white imp (D:3)
  2 ribbon worms
  2 dart slugs
  10 orcs
  2 endoplasms
  2 giant cockroaches (D:2)
  7 goblins
  A hobgoblin (D:2)
  3 jackals (D:2)
  A quokka (D:1)
  5 ball pythons
  8 bats
  A frilled lizard (D:1)
  5 kobolds
  2 rats
84 creatures vanquished.

Notes
Turn   | Place    | Note
-------+----------+-------------------------------------------
     0 | D:1      | Biggs the Coglin Hunter began the quest for the Orb.
     0 | D:1      | Reached XP level 1. HP: 16/16 MP: 1/1
   153 | D:1      | Reached skill level 4 in Ranged Weapons
   153 | D:1      | Reached XP level 2. HP: 22/22 MP: 2/2
   959 | D:2      | Reached XP level 3. HP: 26/27 MP: 3/3
  1208 | D:2      | Found a glowing golden altar of the Shining One.
  1740 | D:3      | Reached skill level 5 in Ranged Weapons
  1740 | D:3      | Reached XP level 4. HP: 18/33 MP: 4/4
  2000 | D:3      | Found a faded altar of an unknown god.
  2120 | D:4      | Reached XP level 5. HP: 9/38 MP: 5/5
  2309 | D:4      | Reached skill level 6 in Ranged Weapons
  2453 | D:4      | Found a shadowy altar of Dithmenos.
  2580 | D:4      | Reached XP level 6. HP: 30/44 MP: 6/6
  3005 | D:5      | Entered Level 5 of the Dungeon
  3005 | D:5      | Found Vuvakahy's Antique Weapon Boutique.
  3139 | D:5      | Noticed an ice beast
  3148 | D:5      | Killed an ice beast
  3149 | D:5      | Reached skill level 7 in Ranged Weapons
  3264 | D:5      | Reached XP level 7. HP: 45/50 MP: 7/7
  3582 | D:5      | Reached skill level 8 in Ranged Weapons
  3636 | D:5      | Found a staircase to the Ecumenical Temple.
  3655 | Temple   | Entered the Ecumenical Temple
  3672 | Temple   | Became a worshipper of Warmaster Okawaru
  3729 | D:5      | Found Coong's Antique Weapon Emporium.
  4175 | D:6      | Noticed a steam dragon
  4175 | D:6      | Found the +4 Cigotuvi's embrace {Corpsefed rMiasma ^Drain
                  | rN+}
  4253 | D:6      | Reached XP level 8. HP: 56/56 MP: 8/8
  4265 | D:6      | Reached skill level 9 in Ranged Weapons
  4344 | D:6      | Reached * piety under Okawaru
  4346 | D:6      | Slain by a black bear

Illustrated notes

Levels and vault maps discovered:
D:1:      moated_graveyard_arrival, layout_basic
D:2:      layout_loops_ring, basic_altar, grunt_ministairs_6
D:3:      layout_loops_ring, shapermc_ecumenical_altar_gd
D:4:      layout_loops_corners, nicolae_dithmenos_shadow_blocks
D:5:      layout_basic, temple_statues, serial_shops, shop,
          nicolae_shop_hallway_stairs
D:6:      layout_rooms
Temple:   bh_familiar_temple

Skill      XL: |  1  2  3  4  5  6  7  8 |
---------------+-------------------------+-----
Ranged Weapons | 4 5 6 7 8 9 |  9.0
Fighting       | 4 |  4.2
Dodging        | |  1.7
Stealth        | |  0.7

Action                     |  1- 3 |  4- 6 |  7- 9 || total
---------------------------+-------+-------+-------++-------
   Fire: Sling             |   164 |   166 |   220 ||   550
    Use: Scroll            |       |       |    10 ||    10
         Potion            |       |       |     1 ||     1
 Armour: Leather armour    |    16 |    22 |    38 ||    76
         Skin              |       |       |     8 ||     8
  Dodge: Dodged            |    16 |     8 |    25 ||    49

Table legend: (Time is in decaauts)
 A = Elapsed time spent in this place.
 B = Non-inter-level travel time spent in this place.
 C = Inter-level travel time spent in this place.
 D = Time resting spent in this place.
 E = Time spent auto-exploring this place.
 F = Levels seen in this place.
 G = Mean time per level.
                   A        B        C        D        E       F      G
               +--------+--------+--------+--------+--------+-----+--------+
         Total |   4378 |   4160 |    218 |     60 |   3514 |   7 |  625.4 |
       Dungeon |   4344 |   4157 |    187 |     60 |   3514 |   6 |  724.0 |
        Temple |     33 |      2 |     31 |      0 |      0 |   1 |   33.0 |
               +--------+--------+--------+--------+--------+-----+--------+

Top non-repeatable levels by time:
     D:5: 1144 daAuts
     D:4: 965 daAuts
     D:1: 956 daAuts
     D:3: 666 daAuts
     D:2: 501 daAuts
     D:6: 110 daAuts
  Temple: 33 daAuts
